 Dungeon Crawl Stone Soup version 0.31-a0-354-g827e095 (webtiles) character file.

Game seed: 10818485305059977412

415 Dawnplanks the Chopper (level 6, -5/53 HPs)
             Began as a Hill Orc Fighter on July 23, 2023.
             Slain by an iguana (10 damage)
             ... on level 4 of the Dungeon.
             The game lasted 00:05:31 (2376 turns).

Dawnplanks the Chopper (Hill Orc Fighter)           Turns: 2376, Time: 00:05:32

Health: -5/53      AC: 12    Str: 24    XL:     6   Next: 92%
Magic:  0/6        EV: 10    Int:  8    God:
Gold:   100        SH:  4    Dex: 10    Spells: 5/5 levels left

rFire   x . .        a - +0 war axe
rCold   . . .        c - +0 buckler
rNeg    . . .        p - +5 ring mail of Whack-A-Mole {rF- Str+3 SInv}
rPois   .            r - +2 hat
rElec   .            (no cloak)
rCorr   .            (no gloves)
SInv    +            (no boots)
Will    .....        t - amulet of guardian spirit Stlth
                     m - ring of wizardry
HPRegen 0.28/turn    (no ring)
MPRegen 0.10/turn

%: guardian spirit, wizardry (x1)
@: mighty
A: no striking features
a: no special abilities


You were on level 4 of the Dungeon.
You visited 1 branch of the dungeon, and saw 4 of its levels.

You collected 100 gold pieces.

Inventory:

Hand Weapons
 a - a +0 war axe (weapon)
 q - a +0 hand axe of electrocution
Armour
 c - a +0 buckler (worn)
 p - the +5 ring mail of Whack-A-Mole (worn) {rF- Str+3 SInv}
   (You found it on level 2 of the Dungeon)

   Str:       It affects your strength (+3).
   rF:        It makes you vulnerable to fire.
   SInv:      It lets you see invisible.
 r - a +2 hat (worn)
Jewellery
 m - a ring of wizardry (left hand)
 o - an amulet of magic regeneration
 t - an amulet of guardian spirit (around neck)
Wands
 l - a wand of flame (31)
Scrolls
 e - 4 scrolls of identify {unknown}
 g - a scroll of poison {unknown}
 h - a scroll of summoning {unknown}
 i - 2 scrolls of teleportation {unknown}
 j - 2 scrolls of vulnerability {unknown}
 k - a scroll of immolation {unknown}
 s - a scroll of noise {unknown}
Potions
 b - a potion of resistance {unknown}
 f - 2 potions of brilliance {unknown}
 n - a potion of haste {unknown}


   Skills:
 + Level 4.5 Fighting
 * Level 7.6 Axes
 + Level 4.0 Armour
 + Level 0.7 Dodging
 + Level 4.1 Shields


You had 5 spell levels left.
You didn't know any spells.
Your spell library contained the following spells:

 Spells                   Type           Power      Damage    Failure   Level
 Shock                    Conj/Air       0%         1d3       32%         1
 Blink                    Tloc           0%         N/A       43%         2
 Lesser Beckoning         Tloc           0%         N/A       43%         2
 Momentum Strike          Conj/Tloc      0%         3d8       43%         2
 Wereblood                Tmut           0%         N/A       43%         2
 Irradiate                Conj/Tmut      0%         3d11      100%        5


Dungeon Overview and Level Annotations

Branches:
Dungeon (4/15)
 Temple: D:4-7

Altars:

Shops:
D:2 (


Message History

The black bear claws you but does no damage.
The orc priest hits you with a +0 hand axe.
You barely miss the orc priest.
The orc priest shouts, "Surrender to Beogh and we'll let you live!"
You slash the black bear!
You kill the black bear!
You slash the orc!
You kill the orc!
The orc priest shouts, "Join the one true god or die!"
You block the orc priest's attack.
The orc priest hits you but does no damage.
The iguana closely misses you.
Your Axes skill increases to level 7!
You slash the orc priest!
The orc priest is heavily wounded.
You barely miss the iguana.
The iguana bites you but does no damage.
The orc priest casts a cantrip, but nothing happens.
You slash the orc priest!
You kill the orc priest!
You hit the orc but do no damage. You hit the iguana but do no damage.
The iguana barely misses you. The orc barely misses you.
You hit the iguana.
The iguana is lightly wounded.
You hit the orc but do no damage. The iguana barely misses you.
The orc hits you with a +0 club.
You barely miss the iguana.
The iguana is lightly wounded.
You slash the orc!
You kill the orc!
The iguana bites you!
* * * LOW HITPOINT WARNING * * *
You slash the iguana!
The iguana is severely wounded.
The iguana bites you!
* * * LOW HITPOINT WARNING * * *
You barely miss the iguana.
The iguana is severely wounded.
The iguana bites you!
You die...

.........#......
........†# #####
..###.#.### .
#..#...# .. #.
###.# ...#.. #.#
....# #.#
#..#.)##.##.#.#
#..)@†......#
#..l......###
>...........#...
............$..#
.................
...............#.
........>....#..
.............#..


You could see an iguana.

Vanquished Creatures
  Menkaure (D:4)
  A black bear (D:4)
  2 orc priests
  An orc wizard (D:3)
  3 adders
  A gnoll (D:1)
  A worm (D:2)
  A dart slug (D:1)
  11 orcs
  8 ball pythons
  9 endoplasms
  3 giant cockroaches
  5 goblins
  4 hobgoblins
  4 quokkas
  5 bats
  5 frilled lizards
  8 kobolds
  12 rats
85 creatures vanquished.

Notes
Turn   | Place    | Note
-------+----------+-------------------------------------------
     0 | D:1      | Dawnplanks the Hill Orc Fighter began the quest for the
                  | Orb.
     0 | D:1      | Reached XP level 1. HP: 19/19 MP: 1/1
   108 | D:1      | Reached XP level 2. HP: 22/27 MP: 2/2
   109 | D:1      | Reached skill level 3 in Axes
   318 | D:1      | Reached XP level 3. HP: 13/33 MP: 3/3
  1126 | D:2      | Found a faded altar of an unknown god.
  1131 | D:2      | Reached skill level 4 in Axes
  1148 | D:2      | Got Plato's Compilation of Momentum
  1196 | D:2      | Reached XP level 4. HP: 40/40 MP: 4/4
  1315 | D:2      | Identified the +5 ring mail of Whack-A-Mole {rF- Str+3
                  | SInv}
  1370 | D:2      | Found Aneamigisch's Antique Weapon Emporium.
  1754 | D:3      | Reached skill level 5 in Axes
  1763 | D:3      | Reached XP level 5. HP: 26/46 MP: 5/5
  2360 | D:4      | Noticed Menkaure
  2362 | D:4      | Noticed a black bear
  2365 | D:4      | Killed Menkaure
  2366 | D:4      | Reached skill level 6 in Axes
  2366 | D:4      | Reached XP level 6. HP: 35/53 MP: 3/6
  2370 | D:4      | Killed a black bear
  2371 | D:4      | Reached skill level 7 in Axes
  2376 | D:4      | Slain by an iguana

Illustrated notes

Levels and vault maps discovered:
D:1:      dpeg_arrival_rooms_with_view, layout_basic, lexackson_kobold_supper
D:2:      layout_basic, shapermc_ecumenical_altar_rom_forum, serial_shops, shop
D:3:      layout_rooms, chequers_garden, nicolae_concentric_dashed_squares_mild
D:4:      layout_rooms, amcnicky_altar_gilded, uniq_menkaure

Skill      XL: |  1  2  3  4  5  6 |
---------------+-------------------+-----
Axes           | 3 4 5 6 7 |  7.6
Fighting       | 4 |  4.5
Shields        | 4 |  4.1
Armour         | 4 |  4.0
Dodging        | |  0.7

Action                     |  1- 3 |  4- 6 || total
---------------------------+-------+-------++-------
  Melee: War axe           |    92 |    89 ||   181
         Hand axe          |       |    38 ||    38
    Use: Potion            |       |     1 ||     1
 Armour: Scale mail        |    38 |    16 ||    54
         Ring mail         |       |    52 ||    52
  Dodge: Dodged            |    45 |    51 ||    96
  Block: Buckler           |    13 |    24 ||    37

Table legend: (Time is in decaauts)
 A = Elapsed time spent in this place.
 B = Non-inter-level travel time spent in this place.
 C = Inter-level travel time spent in this place.
 D = Time resting spent in this place.
 E = Time spent auto-exploring this place.
 F = Levels seen in this place.
 G = Mean time per level.
                   A        B        C        D        E       F      G
               +--------+--------+--------+--------+--------+-----+--------+
         Total |   2432 |   2361 |     71 |      0 |   1848 |   4 |  608.0 |
       Dungeon |   2432 |   2361 |     71 |      0 |   1848 |   4 |  608.0 |
               +--------+--------+--------+--------+--------+-----+--------+

Top non-repeatable levels by time:
     D:1: 1126 daAuts
     D:3: 719 daAuts
     D:2: 557 daAuts
     D:4: 29 daAuts
